 Dungeon Crawl Stone Soup version 0.27.1-1-g398f81649c (webtiles) character file.

Game seed: 8682196863754319621

185 speeev33 the Skirmisher (level 5, -5/47 HPs)
             Began as a Hill Orc Fighter on Sept 10, 2021.
             Slain by GravelGoth's ghost (7 damage)
             ... on level 3 of the Dungeon.
             The game lasted 00:03:36 (2556 turns).

speeev33 the Skirmisher (Hill Orc Fighter)          Turns: 2556, Time: 00:03:37

Health: -5/47      AC:  8    Str: 20    XL:     5   Next: 64%
Magic:  5/5        EV:  7    Int:  8    God:
Gold:   85         SH:  9    Dex: 10    Spells: 4/4 levels left

rFire    . . .     SeeInvis .   a - +0 war axe
rCold    . . .     Faith    .   c - +0 kite shield
rNeg     . . .     Spirit   .   b - +0 scale mail
rPois    .         Reflect  .   e - +0 helmet
rElec    .         Harm     .   (no cloak)
rCorr    +         Rampage  .   (no gloves)
Will     .....                  (no boots)
Stlth    ..........             (no amulet)
HPRegen  0.15/turn              h - ring of resist corrosion
MPRegen  0.09/turn              (no ring)

@: no status effects
A: no striking features
a: no special abilities


You were on level 3 of the Dungeon.
You visited 1 branch of the dungeon, and saw 3 of its levels.

You collected 85 gold pieces.

Inventory:

Hand Weapons
 a - a +0 war axe (weapon)
Armour
 b - a +0 scale mail (worn)
 c - a +0 kite shield (worn)
 e - a +0 helmet (worn)
Jewellery
 h - a ring of resist corrosion (left hand)
Scrolls
 f - a scroll of teleportation
Potions
 g - 2 potions of haste {unknown}


   Skills:
 + Level 4.8 Fighting
 + Level 4.3 Axes
 + Level 4.3 Armour
 + Level 4.4 Shields


You had 4 spell levels left.
You didn't know any spells.
Your spell library was empty.

Dungeon Overview and Level Annotations

Branches:
Dungeon (3/15)

Altars:
Ashenzari
Qazlal

Annotations:
D:3 GravelGoth's ghost, amateur HOFi


Message History

GravelGoth's ghost is moderately damaged.
You block GravelGoth's ghost's attack.
You hit GravelGoth's ghost.
GravelGoth's ghost is moderately damaged.
You block GravelGoth's ghost's attack. x2
You barely miss GravelGoth's ghost.
GravelGoth's ghost is moderately damaged.
GravelGoth's ghost hits you.
You hit GravelGoth's ghost.
GravelGoth's ghost is heavily damaged.
GravelGoth's ghost hits you but does no damage. x2
You hit GravelGoth's ghost.
GravelGoth's ghost is heavily damaged.
GravelGoth's ghost hits you but does no damage.
You hit GravelGoth's ghost.
GravelGoth's ghost is heavily damaged.
GravelGoth's ghost hits you! x2
You hit GravelGoth's ghost but do no damage.
GravelGoth's ghost is heavily damaged.
You block GravelGoth's ghost's attack.
You hit GravelGoth's ghost but do no damage.
GravelGoth's ghost is heavily damaged.
GravelGoth's ghost hits you. You block GravelGoth's ghost's attack.
You hit GravelGoth's ghost but do no damage.
GravelGoth's ghost is heavily damaged.
GravelGoth's ghost hits you.
You hit GravelGoth's ghost but do no damage.
GravelGoth's ghost is heavily damaged.
GravelGoth's ghost hits you but does no damage.
You block GravelGoth's ghost's attack.
You slash GravelGoth's ghost!
GravelGoth's ghost is severely damaged.
GravelGoth's ghost hits you.
* * * LOW HITPOINT WARNING * * *
You hit GravelGoth's ghost but do no damage.
GravelGoth's ghost is severely damaged.
GravelGoth's ghost hits you!
* * * LOW HITPOINT WARNING * * *
GravelGoth's ghost hits you!
You die...

#....##..........#
.....###########.#
..##..### #.##
#...>...## #..#
######...########.#
#..##.(..(#..#
###..#.(...#..#
#....#...♣.'..# ##
##<##.#(....W@.#
.###..##.#..8..'.##
.....#####((..(#.#
###### #.....#.#
#########


You could see GravelGoth's ghost.

Vanquished Creatures
  2 orc priests
  Terence (D:3)
  3 adders
  A worm (D:2)
  A dart slug (D:2)
  7 orcs
  6 endoplasms
  9 goblins
  7 hobgoblins
  3 jackals (D:2)
  6 kobolds
  3 quokkas (D:3)
  3 ball pythons
  3 bats
  4 frilled lizards
  3 rats
62 creatures vanquished.

Notes
Turn   | Place    | Note
-------+----------+-------------------------------------------
     0 | D:1      | speeev33 the Hill Orc Fighter began the quest for the Orb.
     0 | D:1      | Reached XP level 1. HP: 19/19 MP: 1/1
   164 | D:1      | Reached XP level 2. HP: 27/27 MP: 2/2
   556 | D:1      | Found a faded altar of an unknown god.
   841 | D:2      | Reached XP level 3. HP: 33/33 MP: 3/3
  1222 | D:2      | Reached XP level 4. HP: 14/41 MP: 4/4
  1819 | D:3      | Noticed Terence
  1833 | D:3      | Killed Terence
  1834 | D:3      | Reached XP level 5. HP: 42/47 MP: 5/5
  1911 | D:3      | Found a stormy altar of Qazlal.
  2187 | D:3      | Found a broken altar of Ashenzari.
  2532 | D:3      | Found a runed translucent gate.
  2532 | D:3      | Found a runed translucent gate.
  2532 | D:3      | Found a runed translucent gate.
  2533 | D:3      | Noticed GravelGoth's ghost (amateur HOFi)
  2556 | D:3      | HP: 2/47 [GravelGoth's ghost (8)]
  2556 | D:3      | Slain by GravelGoth's ghost

Illustrated notes

Levels and vault maps discovered:
D:1:      erik_arrival_triangle_small, layout_loops_ring,
          ebering_ecumenical_altar_rust, minmay_tromino_i2
D:2:      layout_loops_cross
D:3:      layout_rooms, general_overflow_altar, cheibrodos_ashenzari_chains,
          ebering_ghost_rock_garden, uniq_terence

Skill      XL: |  1  2  3  4 |
---------------+-------------+-----
Axes           | 3 4 |  4.3
Fighting       | 4 |  4.8
Shields        | 4 |  4.4
Armour         | 4 |  4.3

Action                   |  1- 3 |  4- 6 || total
-------------------------+-------+-------++-------
Melee: War axe           |    94 |    88 ||   182
  Use: Scroll            |     3 |     2 ||     5
       Potion            |     1 |       ||     1
Armor: Scale mail        |    34 |    40 ||    74
Dodge: Dodged            |    28 |    21 ||    49
Block: Kite shield       |    47 |    47 ||    94
